 Dungeon Crawl Stone Soup version 0.29.1-1-gd02db6906a (webtiles) character file.

Game seed: 1955287657824640986

5 Descartes the Shooter (level 1, 9/9 HPs)
             Began as a Spriggan Wanderer on Sept 16, 2022.
             Was a Follower of Okawaru.
             Got out of the dungeon alive.
             The game lasted 00:01:45 (571 turns).

Descartes the Shooter (Spriggan Wanderer)            Turns: 571, Time: 00:01:46

Health: 9/9        AC:  3    Str:  9    XL:     1   Next: 66%
Magic:  2/2        EV: 17    Int: 10    God:    Okawaru [*.....]
Gold:   18         SH:  0    Dex: 16    Spells: 0/0 levels left

rFire   . . .      SeeInvis +   b - +0 sling
rCold   . . .      Faith    .   (no shield)
rNeg    . . .      Spirit   .   e - +0 robe
rPois   .          Reflect  .   (helmet restricted)
rElec   .          Harm     .   c - +0 cloak
rCorr   .          Rampage  .   (gloves unavailable)
Will    .....                   (boots unavailable)
Stlth   ++........              (no amulet)
HPRegen 0.03/turn               (no ring)
MPRegen 0.08/turn               (no ring)

@: very quick
A: very small, no large weapons, unfitting armour, see invisible, speed 3
a: Renounce Religion, Heroism


You escaped.
You worshipped Okawaru.
Okawaru was aware of your devotion.
You visited 1 branch of the dungeon, and saw 1 of its levels.

You collected 18 gold pieces.

Inventory:

Hand Weapons
 a - a +0 dagger
 b - a +0 sling (weapon)
Missiles
 h - 10 stones
Armour
 c - a +0 cloak (worn)
 e - a +0 robe (worn)
Scrolls
 f - a scroll of amnesia {unknown}
 g - a scroll of teleportation {unknown}
 i - a scroll of enchant weapon {unknown}
 l - a scroll of fear {unknown}
Potions
 d - a potion of brilliance
 j - 3 potions of mutation {unknown}
 k - a potion of ambrosia {unknown}
 m - a potion of curing {unknown}


   Skills:
 + Level 0.1 Short Blades
 - Level 2.9 Polearms
 + Level 3.1 Ranged Weapons
 + Level 2.9 Dodging
 + Level 2.0 Stealth


You couldn't memorise any spells.
You didn't know any spells.
Your spell library was empty.

Dungeon Overview and Level Annotations

Branches:
Dungeon (1/15)

Altars:
Okawaru


Innate Abilities, Weirdness & Mutations

You are very small and have problems with some larger weapons.
You are too small for most types of armour.
You have supernaturally acute eyesight. (SInv)
You cover ground extremely quickly. (Speed+++)


Message History

As you open the door, it creaks loudly!
You hear an angry hiss.
Found a gnoll skeleton.
A ball python comes into view.
The ball python hisses angrily.
You shoot a sling bullet.
The sling bullet barely misses the ball python.
The ball python barely misses you. The ball python completely misses you.
You shoot a sling bullet. The sling bullet hits the ball python.
The ball python is moderately wounded.
The ball python closely misses you. The ball python completely misses you.
You shoot a sling bullet. The sling bullet hits the ball python.
You kill the ball python!
Your Stealth skill increases to level 2!
No target in view!
Found a gnoll skeleton.
There is an open door, spattered with blood here.
You see here a ball python corpse.
You open the door.
Found a faded altar of an unknown god.
There is an open door here.
Done exploring.
There is a faded altar of an unknown god here.
You cannot tell which god this altar belongs to.
Convert to them anyway? [Y]es or [N]o only, please.
You cannot tell which god this altar belongs to.
Convert to them anyway?
Okawaru accepts your prayer! Okawaru welcomes you!
You can now gain great but temporary skills.
There is an open door here.
There is an open door, spattered with blood here.
You see here a ball python corpse.
You open the door.
There is an open door here.
There is a staircase leading out of the dungeon here.
Are you sure you want to leave the Dungeon?
This will make you lose the game!
Alright, then stay!
Unknown command.
There is a staircase leading out of the dungeon here.
Are you sure you want to leave the Dungeon?
This will make you lose the game!
You have escaped!

###.###...........###.####
#......##................###
#......##..#'#....##..##...##
#.......####.#######.#####...
####.#.##..#.#..##.†.# ####
#.#.#.#.#.#.#.#.######
#.#.#..#...#..#......#####
########.#####.....####.###......
#.........+.....@.....'.# ##.....
..........####.....###### #.....
...........#..#...#..# #.....
...........#.#.#.#.#.### #.....
...........##..#.#..##.######..##
............####.#####.##.....##
.......>.....# #+##.##.##.#####
............## #..........#
#...........# ##...##....####


There were no monsters in sight!

Vanquished Creatures
  A ball python (D:1)
  A hobgoblin (D:1)
  A frilled lizard (D:1)
  A kobold (D:1)
  2 rats (D:1)
6 creatures vanquished.

Notes
Turn   | Place    | Note
-------+----------+-------------------------------------------
     0 | D:1      | Descartes the Spriggan Wanderer began the quest for the
                  | Orb.
     0 | D:1      | Descartes set off with the following items: a +0 trident, a
                  | +0 sling, a +0 cloak, a potion of brilliance, a +0 robe.
     0 | D:1      | Reached XP level 1. HP: 9/9 MP: 2/2
   521 | D:1      | Found a faded altar of an unknown god.
   528 | D:1      | Prayed at the altar of an unknown god.
   528 | D:1      | Became a worshipper of Warmaster Okawaru
   528 | D:1      | Reached * piety under Okawaru
   571 | D:$      | Got out of the dungeon alive.

Illustrated notes

Levels and vault maps discovered:
D:1:      nzn_arrival_crosshair, layout_rooms,
          dilly_ecumenical_altar_fadedgnrine, minmay_door_square,
          minmay_misc_feat_alley

Skill      XL: |  1 |
---------------+----+-----
Stealth        | 2 |  2.0
Short Blades   | |  0.1
Polearms       | |  2.9
Ranged Weapons | |  3.1
Dodging        | |  2.9

Action                   || total
-------------------------++-------
Melee: Trident           ||     5
 Fire: Sling             ||    16
 Stab: Sleeping          ||     1
Armor: Robe              ||     1
Dodge: Dodged            ||     8
